AoeStats
← mgaitaniella

Arabia

510466787Analyzed
4v4 RM · 1d ago on Oct 1, 2026· 48m 22s· 8 players
Game mode
Random Map
Map size
Large (8 player)
Population
200
Speed
Normal
Resources
Standard
Victory
Conquest
Starting age
Dark Age
Ending age
Imperial Age
RankedLock teamsTeams togetherTeam positionsShared explorationLock speedFull tech treeHidden civsTurbo modeCheats
Victory
Defeat
🇨🇳 Lithuanians · China
1020
+13
🇨🇴 Magyars · Colombia
1017
+13
🇨🇳 Varangians · China
961
+15
🇯🇵 Maya · Japan
869
+20
🇺🇸 Huns · United States
974
-16
🇹🇼 Varangians · Taiwan
957
-16
🇺🇸 Mongols · United States
943
-15
🇫🇮 Maya · Finland
929
-14
Rölli
0:35 Loom
10:00 Feudal Age
11:01 Horse Collar
11:10 Double-Bit Axe
20:21 Castle Age
20:19 Fletching
20:31 Padded Archer Armor
20:39 Crossbowman
22:56 Elite Skirmisher
28:45 Fortified Wall
29:36 Heavy Plow
29:51 Bow Saw
31:02 Wheelbarrow
30:12 Town Watch
31:58 Ballistics
31:52 Gold Mining
32:44 Thumb Ring
33:28 Hul'che Javelineers
37:05 Imperial Age
35:20 Pikeman
36:01 Squires
36:24 Forging
36:14 Scale Mail Armor
36:10 Bodkin Arrow
36:31 Leather Archer Armor
37:10 Arbalester
40:18 Chemistry
✪ ahahaha
2:39 Loom
11:12 Feudal Age
11:44 Double-Bit Axe
20:18 Castle Age
19:57 Bloodlines
23:07 Scale Barding Armor
26:32 Forging
30:46 Husbandry
32:42 Scale Mail Armor
34:37 Chain Barding Armor
35:33 Bow Saw
35:44 Chain Mail Armor
35:35 Pikeman
39:16 Iron Casting
38:34 Elite Skirmisher
mgaitaniella
11:17 Feudal Age
9:52 Loom
17:04 Castle Age
16:25 Double-Bit Axe
16:22 Horse Collar
16:48 Gold Mining
20:44 Fletching
20:56 Padded Archer Armor
22:05 Heavy Plow
25:20 Bloodlines
25:11 Husbandry
26:32 Bodkin Arrow
29:08 Gold Shaft Mining
32:18 Imperial Age
30:27 Scale Barding Armor
31:48 Wheelbarrow
30:59 Town Watch
31:50 Masonry
32:28 Leather Archer Armor
32:25 Forging
32:36 Chain Barding Armor
34:41 Parthian Tactics
35:03 Hand Cart
34:49 Heavy Cavalry Archer
36:49 Bracer
37:25 Iron Casting
39:31 Plate Barding Armor
38:55 Murder Holes
40:47 Town Patrol
TAE_YANG
11:11 Feudal Age
12:07 Loom
15:47 Castle Age
14:35 Double-Bit Axe
14:35 Horse Collar
21:00 Heavy Plow
24:38 Bow Saw
29:36 Wheelbarrow
29:23 Gold Mining
29:28 Stone Mining
30:48 Hand Cart
35:49 Imperial Age
33:40 Scale Mail Armor
33:58 Gambesons
35:13 Forging
36:03 Squires
35:49 Arson
36:21 Chain Mail Armor
36:42 Iron Casting
37:44 Plate Mail Armor
40:20 Elite Varangian Guard
42:02 Conscription
42:06 Treadmill Crane
42:47 Ballistics
42:39 Fortified Wall
43:29 Chemistry
43:25 Stone Shaft Mining
43:57 Two-Man Saw
43:32 Crop Rotation
44:26 Guilds
45:17 Blast Furnace
44:38 Fletching
45:00 Masonry
46:29 Bodkin Arrow
46:41 Siege Engineers
46:14 Gothikon
Jert
7:14 Loom
9:50 Feudal Age
10:37 Double-Bit Axe
21:24 Castle Age
22:57 Bow Saw
22:27 Pikeman
23:42 Scale Mail Armor
24:05 Horse Collar
26:47 Husbandry
26:59 Bloodlines
26:51 Husbandry
28:57 Wheelbarrow
28:43 Scale Barding Armor
29:22 Gold Mining
29:35 Heavy Plow
30:22 Chain Barding Armor
31:25 Fletching
32:45 Corvinian Army
34:42 Ballistics
34:47 Thumb Ring
36:33 Bodkin Arrow
36:39 Padded Archer Armor
40:53 Imperial Age
39:35 Leather Archer Armor
41:05 Heavy Cavalry Archer
41:49 Bracer
41:52 Recurve Bow
42:14 Conscription
43:20 Plate Barding Armor
46:03 Chemistry
44:45 Treadmill Crane
45:37 Parthian Tactics
46:27 Elite Magyar Huszar
しこっぴ
0:27 Loom
12:24 Feudal Age
13:50 Town Watch
18:43 Castle Age
18:00 Horse Collar
22:41 Pikeman
25:52 Fletching
25:25 Crossbowman
33:13 Ballistics
33:32 Heavy Plow
33:27 Double-Bit Axe
37:57 Bodkin Arrow
39:10 Wheelbarrow
39:35 Bow Saw
43:51 Murder Holes
45:39 Thumb Ring
46:01 Padded Archer Armor
45:59 Gold Mining
45:59 Stone Mining
50:16 Imperial Age
49:04 Stone Shaft Mining
49:08 Hand Cart
48:54 Town Patrol
2026
0:27 Loom
10:34 Feudal Age
11:04 Town Watch
15:42 Castle Age
17:01 Horse Collar
18:07 Fervor
27:41 Ballistics
32:12 Imperial Age
33:07 Bloodlines
35:07 Scale Barding Armor
34:50 Treadmill Crane
36:32 Husbandry
35:57 Elite Leitis
37:39 Chain Barding Armor
37:11 Fletching
38:14 Murder Holes
39:18 Bodkin Arrow
40:17 Bracer
41:20 Chemistry
39:43 Light Cavalry
41:12 Wheelbarrow
42:54 Heavy Plow
44:47 Plate Barding Armor
44:23 Forging
45:02 Double-Bit Axe
44:57 Pikeman
46:24 Gold Mining
46:34 Stone Mining
47:25 Iron Casting
48:53 Hand Cart
48:43 Scale Mail Armor
48:05 Halberdier
49:25 Stone Shaft Mining
48:13 Winged Hussar
NORINCO
4:26 Loom
11:01 Feudal Age
12:49 Horse Collar
12:56 Double-Bit Axe
17:08 Forging
18:16 Bloodlines
23:18 Castle Age
22:22 Wheelbarrow
21:41 Gold Mining
22:55 Stone Mining
25:01 Bow Saw
24:53 Heavy Plow
27:20 Stone Shaft Mining
33:16 Imperial Age
32:06 Stone Shaft Mining
31:58 Ballistics
31:18 Treadmill Crane
31:51 Vendel Legacy
33:02 Husbandry
33:29 Town Watch
33:59 Hand Cart
34:52 Iron Casting
34:22 Scale Barding Armor
35:00 Conscription
34:35 Cavalier
36:45 Town Patrol
37:06 Vendel Legacy
39:26 Chain Barding Armor
40:06 Blast Furnace
39:00 Elite Jarl
43:48 Plate Barding Armor
Connection lost

Rejoining the realm…

Still unreachable

The connection could not be restored.

Session expired

The server has moved on; the page needs a fresh start.